 Dungeon Crawl Stone Soup version 0.31-a0-986-g5e6e4ef867 (webtiles) character file.

Game seed: 17943495117700579161

163 sammy202020 the Changeling (level 5, 0/39 HPs)
             Began as a Merfolk Shapeshifter on Nov 15, 2023.
             Killed by divine providence
             ... invoked by an orc priest
              (11 damage)
             ... on level 3 of the Dungeon.
             The game lasted 00:02:28 (2034 turns).

sammy202020 the Changeling (Merfolk Shapeshifter)   Turns: 2034, Time: 00:02:29

Health: 0/39       AC:  3    Str: 14    XL:     5   Next: 44%
Magic:  5/5        EV: 13    Int: 12    God:
Gold:   102        SH:  0    Dex: 19    Spells: 4/4 levels left

rFire   . .          .
                       - Unarmed
rCold   . . .        (no shield)
rNeg    . . .        e - +0 leather armour
rPois   .            (helmet currently unavailable)
rElec   .            (cloak currently unavailable)
rCorr   .            (gloves currently unavailable)
SInv    .            (boots currently unavailable)
Will    .....        (no amulet)
Stlth   +            k - +6 ring of dexterity
HPRegen 0.26/turn    (no ring)
MPRegen 0.09/turn

%: no passive effects
@: beast-form
A: beast (slay +2), (nimble swimmer 2), mertail
a: Begin Untransformation


You were on level 3 of the Dungeon.
You were a hulking beast.
You visited 1 branch of the dungeon, and saw 3 of its levels.

You collected 102 gold pieces.

Inventory:

Armour
 a - a +0 animal skin
 e - a +0 leather armour (worn)
 f - a +2 cloak
Jewellery
 k - a +6 ring of dexterity (left hand)
Talismans
 c - a beast talisman
 d - a flux talisman
Wands
 g - a wand of polymorph (6)
Scrolls
 h - 3 scrolls of identify
 l - a scroll of poison
Potions
 b - a potion of lignification
 i - a potion of heal wounds
 j - a potion of curing {unknown}


   Skills:
 * Level 2.7 Fighting
 + Level 1.1 Armour
 + Level 3.5 Dodging
 * Level 4.4 Unarmed Combat
 * Level 5.0 Shapeshifting


You had 4 spell levels left.
You didn't know any spells.
Your spell library was empty.

Dungeon Overview and Level Annotations

Branches:
Dungeon (3/15)

Altars:


Innate Abilities, Weirdness & Mutations

You are a hulking beast.
Your limbs bulge with bestial killing power. (Slay +2)
((You are very nimble when in or above water. (Stealth+, EV+, Speed+++)))
Your lower body shifts to a powerful aquatic tail in water.


Message History

A bat comes into view.
The bat moves out of view.
Found a stone staircase leading down.
You completely miss the bat.
You hear a shout!
The bat barely misses you. The bat hits you but does no damage. x2
An orc wizard comes into view. It is wielding a +0 dagger.
You hear a shout! x4; You hear an angry hiss.
You hit the bat.
You kill the bat!
A rat comes into view.
You hit the orc wizard but do no damage.
The orc wizard misses you.
You hit the orc wizard.
The orc wizard is moderately wounded.
An orc priest comes into view. It is wielding a +0 whip.
An orc comes into view. It is wielding a +0 morningstar.
A ball python comes into view.
The ball python hisses angrily.
You hit the orc wizard.
The orc wizard is severely wounded.
The orc hits you with a +0 morningstar! The orc wizard completely misses you.
An orc comes into view. It is wielding a +0 mace of pain.
You barely miss the orc wizard. Your punch misses the orc wizard.
The orc wizard is severely wounded.
The orc misses you.
An orc comes into view. It is wielding a +0 dagger.
The orc wizard hits you with a +0 dagger.
The orc shouts!
You hit the orc wizard.
You kill the orc wizard!
The orc priest invokes the aid of Beogh against you.
Beogh smites you! The orc hits you with a +0 morningstar.
* * * LOW HITPOINT WARNING * * *
Your Shapeshifting skill increases to level 5!
You hit the orc.
The orc is severely wounded.
The orc priest mumbles some strange prayers to Beogh against you.
Beogh smites you!
You die...

..> #.. #...
##...
#....###
##....S.#
#...S.or#
#o# #h##
+..# ##>#
#.###
.####...##
#.........##
########...#
#.#.######
#.#......#


You could see an orc priest, an orc, a ball python and a rat.

Vanquished Creatures
  Ijyb (D:3)
  Crazy Yiuf (D:2)
  An orc wizard (D:3)
  2 adders (D:2)
  A gnoll (D:1)
  4 endoplasms
  2 giant cockroaches
  7 goblins
  7 hobgoblins
  3 quokkas (D:1)
  6 ball pythons
  10 bats
  3 frilled lizards
  3 kobolds
  8 rats
59 creatures vanquished.

Notes
Turn   | Place    | Note
-------+----------+-------------------------------------------
     0 | D:1      | sammy202020 the Merfolk Shapeshifter began the quest for
                  | the Orb.
     0 | D:1      | Reached XP level 1. HP: 15/15 MP: 1/1
   119 | D:1      | Reached XP level 2. HP: 16/21 MP: 2/2
   339 | D:1      | Reached XP level 3. HP: 27/27 MP: 3/3
   972 | D:2      | Reached XP level 4. HP: 33/33 MP: 4/4
  1313 | D:2      | Found a runed translucent door.
  1314 | D:2      | Noticed Crazy Yiuf
  1458 | D:2      | Killed Crazy Yiuf
  1794 | D:3      | Identified the of Hiug Rotz
  1794 | D:3      | Noticed Ijyb
  1802 | D:3      | Killed Ijyb
  1803 | D:3      | Reached skill level 1 in Armour
  1803 | D:3      | Reached XP level 5. HP: 19/39 MP: 5/5
  2033 | D:3      | Reached skill level 5 in Shapeshifting
  2034 | D:3      | Killed from afar by an orc priest

Illustrated notes

Levels and vault maps discovered:
D:1:      spicycebolla_arrival_xxxplode, layout_loops_ring,
          chequers_serial_rivers_room_b
D:2:      layout_rooms, uniq_crazy_yiuf_cottage
D:3:      layout_basic, trog_book, minmay_pentangle, uniq_ijyb

Skill      XL: |  1  2  3  4  5 |
---------------+----------------+-----
Dodging        | 3 |  3.5
Fighting       | 2 |  2.7
Unarmed Combat | 4 |  4.4
Armour         | 1 |  1.1
Shapeshifting  | 5 |  5.0

Action                     |  1- 3 |  4- 6 || total
---------------------------+-------+-------++-------
  Melee: Unarmed           |   100 |    71 ||   171
         Punch             |     3 |       ||     3
    Use: Scroll            |     4 |     3 ||     7
         Potion            |     2 |       ||     2
   Stab: Sleeping          |     1 |     2 ||     3
 Armour: Animal skin       |    14 |       ||    14
         Leather armour    |    33 |    44 ||    77
  Dodge: Dodged            |    68 |    37 ||   105

Table legend: (Time is in decaauts)
 A = Elapsed time spent in this place.
 B = Non-inter-level travel time spent in this place.
 C = Inter-level travel time spent in this place.
 D = Time resting spent in this place.
 E = Time spent auto-exploring this place.
 F = Levels seen in this place.
 G = Mean time per level.
                   A        B        C        D        E       F      G
               +--------+--------+--------+--------+--------+-----+--------+
         Total |   2002 |   1979 |     23 |    564 |   1002 |   3 |  667.3 |
       Dungeon |   2002 |   1979 |     23 |    564 |   1002 |   3 |  667.3 |
               +--------+--------+--------+--------+--------+-----+--------+

Top non-repeatable levels by time:
     D:2: 1027 daAuts
     D:1: 737 daAuts
     D:3: 236 daAuts
